 Dungeon Crawl Stone Soup version 0.32-a0-19-g28bc0835a1 (webtiles) character file.

Game seed: 10921154301980024342

198 mopl the Sneak (level 5, -12/38 HPs)
             Began as a Draconian Enchanter on Jan 17, 2024.
             Mangled by an ogre
             ... wielding a +0 giant club
              (14 damage)
             ... on level 5 of the Dungeon.
             The game lasted 00:04:14 (2107 turns).

mopl the Sneak (Draconian Enchanter)                Turns: 2107, Time: 00:04:14

Health: -12/38     AC:  6    Str: 10    XL:     5   Next: 47%
Magic:  1/10       EV: 12    Int: 18    God:
Gold:   173        SH:  0    Dex: 11    Spells: 2/10 levels left

rFire   . . .        a - +1 dagger
rCold   . . .        (no shield)
rNeg    . . .        (body armour unavailable)
rPois   .            (helmet restricted)
rElec   .            f - +0 cloak
rCorr   .            (no gloves)
SInv    .            (no boots)
Will    .....        (no amulet)
Stlth   ++           (no ring)
HPRegen 0.26/turn    (no ring)
MPRegen 0.12/turn

%: no passive effects
@: no status effects
A: AC +5, unfitting armour, cold-blooded
a: no special abilities


You were on level 5 of the Dungeon.
You visited 1 branch of the dungeon, and saw 5 of its levels.

You collected 173 gold pieces.

Inventory:

Hand Weapons
 a - a +1 dagger (weapon)
Missiles
 i - 14 poisoned darts
 r - a throwing net
Armour
 f - a +0 cloak (worn)
Wands
 q - a wand of flame (23)
Scrolls
 e - 3 scrolls of identify {unknown}
 k - a scroll of teleportation {unknown}
 l - a scroll of poison {unknown}
 m - a scroll of torment {unknown}
 o - 2 scrolls of amnesia {unknown}
 p - a scroll of vulnerability {unknown}
Potions
 b - 2 potions of invisibility
 c - 3 potions of curing {unknown}
 d - 3 potions of heal wounds {unknown}
 g - a potion of might {unknown}
 h - a potion of resistance {unknown}
 j - a potion of berserk rage {unknown}
 n - 2 potions of mutation {unknown}


   Skills:
 - Level 1.0 Short Blades
 - Level 1.7 Dodging
 + Level 4.2 Stealth
 + Level 3.4 Spellcasting
 + Level 3.9 Hexes


You had 2 spell levels left.
You knew the following spells:

 Your Spells              Type           Power      Damage    Failure   Level
b - Ensorcelled Hibernat  Hex/Ice        20%        N/A       11%         2
c - Confusing Touch       Hex            17%        N/A       10%         3
d - Tukima's Dance        Hex            17%        N/A       10%         3

Your spell library contained the following spells:

 Spells                   Type           Power      Damage    Failure   Level
 Magic Dart               Conj           12%        1d3       16%         1
 Blink                    Tloc           6%         N/A       24%         2
 Call Imp                 Summ           6%         N/A       24%         2
 Dazzling Flash           Conj/Hex       20%        N/A       22%         3
 Fugue of the Fallen      Necr           3%         N/A       43%         3
 Ozocubu's Armour         Ice            3%         N/A       43%         3
 Passwall                 Erth           3%         N/A       43%         3
 Swiftness                Air            3%         N/A       43%         3
 Manifold Assault         Tloc           3%         N/A       83%         4


Dungeon Overview and Level Annotations

Branches:
Dungeon (5/15)
 Temple: D:4-7

Altars:
Hepliaklqana
Zin

Shops:
D:5 *

Annotations:
D:4 Dowan, Duvessa


Innate Abilities, Weirdness & Mutations

Your plain brown scales are hard. (AC +5)
You cannot fit into any form of body armour.
You are cold-blooded and may be slowed by cold attacks.


Message History

You climb downwards.
You hear the sound of rushing water.
There is an entrance to a sewer on this level.
Hurry and find it before the portal rusts away!
Found a chain mail, a throwing net and 22 gold pieces.
Found Zin's Purification Station.
Found a stone staircase leading up.
There is a stone staircase leading up here.
Found a glowing silver altar of Zin.
The ogre shouts!
You see here a throwing net.
r - a throwing net
Casting: Ensorcelled Hibernation (safe; 11% risk of failure)
Confirm with . or Enter, or press ? or * to list all spells.
Aiming: Tukima's Dance (dangerous; 10% risk of failure)
Press: ? - help, Shift-Dir - straight line, f - ogre
Aim: an ogre, wielding a +0 giant club (chance to affect: 50%)
The ogre resists with some effort.
Unknown command.
Casting: Tukima's Dance (dangerous; 10% risk of failure)
Confirm with . or Enter, or press ? or * to list all spells.
Aiming: Tukima's Dance (dangerous; 10% risk of failure)
Press: ? - help, Shift-Dir - straight line, f/p - ogre
Aim: an ogre, wielding a +0 giant club (chance to affect: 50%)
The ogre resists with some effort.
Unknown command.
Casting: Tukima's Dance (dangerous; 10% risk of failure)
Confirm with . or Enter, or press ? or * to list all spells.
Aiming: Tukima's Dance (dangerous; 10% risk of failure)
Press: ? - help, Shift-Dir - straight line, f/p - ogre
Aim: an ogre, wielding a +0 giant club (chance to affect: 50%)
The ogre resists with some effort.
Unknown command.
You hit the ogre.
The ogre is lightly wounded.
You hit the ogre but do no damage.
The ogre is lightly wounded.
The ogre hits you with a +0 giant club!!!
Ouch! That really hurt!
* * * LOW HITPOINT WARNING * * *
The ogre attacks as it pursues you! The ogre hits you with a +0 giant club!
You die...

#.. #.$......
#..###........
#.............
............
#.#........ #
#..<.......
#.##...[.###+#
##...O....#
#<...@.#..#
#.....###.#
#..∩.._ .#
#.....## .#
#...... .#
#.#..#. #.###
# #


You could see an ogre.

Vanquished Creatures
  Natasha (twice) (D:3)
  3 gnolls
  2 adders
  2 dart slugs
  An orc (D:3)
  8 endoplasms
  3 giant cockroaches
  4 goblins
  4 hobgoblins
  A quokka (D:2)
  3 ball pythons
  4 bats
  2 frilled lizards
  3 kobolds
  5 rats
47 creatures vanquished.

Vanquished Creatures (collateral kills)
  Crazy Yiuf (D:2)
  Terence (D:2)
2 creatures vanquished.

Grand Total: 49 creatures vanquished

Notes
Turn   | Place    | Note
-------+----------+-------------------------------------------
     0 | D:1      | mopl the Draconian Enchanter began the quest for the Orb.
     0 | D:1      | Reached XP level 1. HP: 14/14 MP: 3/3
   447 | D:1      | Reached XP level 2. HP: 20/20 MP: 5/5
   525 | D:1      | Reached skill level 3 in Stealth
   573 | D:1      | Found a faded altar of an unknown god.
   708 | D:2      | Reached skill level 3 in Hexes
   756 | D:2      | Learned a level 2 spell: Ensorcelled Hibernation
   815 | D:2      | Found a runed translucent door.
   816 | D:2      | Noticed Crazy Yiuf
   842 | D:2      | Reached XP level 3. HP: 26/26 MP: 4/6
   846 | D:2      | Learned a level 3 spell: Tukima's Dance
   978 | D:2      | Noticed Terence
   985 | D:2      | Killed Terence
  1328 | D:2      | Reached XP level 4. HP: 27/33 MP: 8/8
  1449 | D:2      | Killed Crazy Yiuf
  1493 | D:3      | Reached skill level 3 in Spellcasting
  1511 | D:2      | Learned a level 3 spell: Confusing Touch
  1512 | D:3      | Noticed Natasha
  1518 | D:3      | Killed Natasha
  1670 | D:3      | Noticed Natasha
  1675 | D:3      | Killed Natasha
  1676 | D:3      | Reached skill level 4 in Stealth
  1676 | D:3      | Reached XP level 5. HP: 27/38 MP: 6/9
  2018 | D:3      | Found a hazy altar of Hepliaklqana.
  2061 | D:3      | You fall into a shaft and drop 1 floor!
  2088 | D:4      | Noticed Duvessa
  2090 | D:4      | Noticed Dowan
  2098 | D:5      | Entered Level 5 of the Dungeon
  2098 | D:5      | Noticed an ogre
  2098 | D:5      | Found Zin's Purification Station.
  2100 | D:5      | Found a glowing silver altar of Zin.
  2107 | D:5      | Mangled by an ogre

Illustrated notes

Levels and vault maps discovered:
D:1:      psy_arrival_basics, layout_basic, hellmonk_ecumenical_altar_run_dry,
          minmay_strange_pillars
D:2:      layout_loops_cross, minmay_fractal_squares_gapless_5, uniq_terence,
          uniq_crazy_yiuf_cottage
D:3:      layout_loops_cross, nzn_hepliaklqana_mist_gate, uniq_natasha
D:4:      layout_basic, chequers_serial_rivers_small_3,
          kennysheep_cluttered_room, lightli_minifort, uniq_duvessa
D:5:      layout_basic, lemuel_round_altar, zin_purify, grunt_gozag_statues,
          mainiacjoe_sewer_entry_somewhere_in_here_2,
          ebering_ghost_reflecting_pool, kennysheep_donut

Skill      XL: |  1  2  3  4 |
---------------+-------------+-----
Stealth        | 3 4 |  4.2
Hexes          | 3 |  3.9
Spellcasting   | 3 |  3.4
Short Blades   | |  1.0
Dodging        | |  1.7

Action                     |  1- 3 |  4- 6 || total
---------------------------+-------+-------++-------
  Melee: Dagger            |    84 |    54 ||   138
         Tailslap          |    11 |     4 ||    15
   Cast: Ensorcelled Hiber |     2 |    12 ||    14
         Tukima's Dance    |     1 |     4 ||     5
   Stab: Sleeping          |    14 |    12 ||    26
 Armour: Skin              |    29 |    46 ||    75
  Dodge: Dodged            |    32 |    34 ||    66

Table legend: (Time is in decaauts)
 A = Elapsed time spent in this place.
 B = Non-inter-level travel time spent in this place.
 C = Inter-level travel time spent in this place.
 D = Time resting spent in this place.
 E = Time spent auto-exploring this place.
 F = Levels seen in this place.
 G = Mean time per level.
                   A        B        C        D        E       F      G
               +--------+--------+--------+--------+--------+-----+--------+
         Total |   2106 |   2017 |     89 |     51 |   1528 |   5 |  421.2 |
       Dungeon |   2106 |   2017 |     89 |     51 |   1528 |   5 |  421.2 |
               +--------+--------+--------+--------+--------+-----+--------+

Top non-repeatable levels by time:
     D:2: 850 daAuts
     D:1: 699 daAuts
     D:3: 511 daAuts
     D:4: 36 daAuts
     D:5: 8 daAuts
